 Dungeon Crawl Stone Soup version 0.31.0-9-g3a7656b989 (webtiles) character file.

Game seed: 11415814652775145834

3761 qw the Nimble (level 9, -2/46 HPs)
             Began as a Spriggan Hunter on Feb 2, 2024.
             Was an Elder of Okawaru.
             Slain by a green ugly thing (4 damage)
             ... on level 7 of the Dungeon.
             The game lasted 00:00:26 (5507 turns).

qw the Nimble (Spriggan Hunter)                     Turns: 5507, Time: 00:00:27

Health: -2/46      AC:  4    Str:  6    XL:     9   Next: 94%
Magic:  23/25      EV: 30    Int: 10    God:    Okawaru [****..]
Gold:   460        SH:  0    Dex: 26    Spells: 8/8 levels left

rFire   . . .        l - -1 hand cannon (freeze)
rCold   . . .        (no shield)
rNeg    . . .        c - +0 robe
rPois   .            k - +2 hat
rElec   .            (no cloak)
rCorr   .            (gloves unavailable)
SInv    +            (boots unavailable)
Will    +....        j
                       - Hermit's Pendant {Faith Invo=14 Evo=0 MP+5}
Stlth   ++           (no ring)
HPRegen 0.27/turn    (no ring)
MPRegen 0.19/turn

%: clarity, faith
@: finesse-ful, very quick
A: very small, no large weapons, unfitting armour, see invisible, speed 3, agile
1, clarity
a: Renounce Religion, Heroism, Finesse


You were on level 7 of the Dungeon.
You worshipped Okawaru.
Okawaru was greatly pleased with you.
You visited 2 branches of the dungeon, and saw 8 of its levels.

You collected 480 gold pieces.
You spent 20 gold pieces at shops.


Innate Abilities, Weirdness & Mutations

You are very small and have problems with some larger weapons.
You are too small for most types of armour.
You have supernaturally acute eyesight. (SInv)
You cover ground extremely quickly. (Speed+++)
You are agile. (Dex +4, Str/Int -1)
You possess an exceptional clarity of mind.


   Skills:
 - Level 4.3 Fighting
 - Level 10.1 Ranged Weapons
 + Level 11.4 Dodging
 - Level 1.5 Stealth
 + Level 4.6(14.0) Invocations


You had 8 spell levels left.
You didn't know any spells.
Your spell library was empty.

Inventory:

Hand Weapons
 l - a -1 hand cannon of freezing (weapon)
Armour
 c - a +0 robe (worn)
 k - a +2 hat (worn)
Jewellery
 e - a ring of fire
 i - the amulet of Vitality {RegenMP++ Regen++}
   (You found it on level 4 of the Dungeon)

   [amulet of magic regeneration]

   RegenMP:   It increases your rate of magic regeneration.
   Regen++:   It increases your rate of health regeneration.
 j - the Hermit's Pendant (around neck) {Faith Invo=14 Evo=0 MP+5}
   (You found it on level 3 of the Dungeon)

   [amulet of faith]

   Invo=14: It sets your Invocations skill to 14.
   Evo=0: It sets your Evocations skill to 0.
   Faith:     It allows you to gain divine favour quickly.
   MP+5:      It affects your magic capacity (+5).
 s - the ring "Pytaph" {rElec MP+9 Str+4}
   (You found it on level 7 of the Dungeon)

   [ring of magical power]

   Str+4:     It affects your strength (+4).
   rElec:     It insulates you from electricity.
   MP+9:      It affects your magic capacity (+9).
Wands
 o - a wand of digging (9)
Scrolls
 p - 3 scrolls of enchant armour
 r - a scroll of identify
Potions
 a - a potion of heal wounds {unknown}
 b - 2 potions of cancellation
 d - 2 potions of enlightenment
 f - a potion of mutation
 g - a potion of degeneration {unknown}
 h - 2 potions of curing
 m - 3 potions of haste
 n - a potion of attraction {unknown}
 q - a potion of brilliance {unknown}

Dungeon Overview and Level Annotations

Branches:
Dungeon (7/15)             Temple (1/1) D:5

Altars:
Dithmenos
Elyvilon
Fedhas
Hepliaklqana
Kikubaaqudgha
Nemelex Xobeh
Okawaru
Qazlal
Ru
Sif Muna
Trog
Uskayaw
Wu Jian
Xom
Yredelemnul
Zin
The Shining One

Shops:
D:4 (   D:5 *   D:6 *


Message History

The vampire mosquito closely misses you.
You shoot a bolt. The bolt hits the vampire mosquito.
The bolt freezes the vampire mosquito.
You destroy the vampire mosquito!
Okawaru accepts your kill. The kobold completely misses you.
You shoot a bolt. The bolt barely misses the kobold.
The bolt completely misses the green ugly thing.
You hear a shout!
You shoot a bolt. The bolt closely misses the kobold.
The bolt hits the green ugly thing!
The bolt freezes the green ugly thing.
The green ugly thing is lightly wounded.
The deep elf pyromancer casts a spell.
The deep elf pyromancer blinks!
The kobold completely misses you.
You shoot a bolt. The bolt hits the kobold!
The bolt freezes the kobold.
You kill the kobold!
Okawaru accepts your kill.
A kobold brigand comes into view.
It is wielding a +0 club, wearing an orb of energy and quivering curare-tipped darts.
You shoot a bolt. The bolt hits the green ugly thing.
The bolt freezes the green ugly thing.
The green ugly thing is lightly wounded.
You shoot a bolt. The bolt hits the green ugly thing!!
The bolt freezes the green ugly thing!
The green ugly thing is heavily wounded.
You shoot a bolt.
The bolt hits the green ugly thing but does no damage.
The green ugly thing is heavily wounded.
The green ugly thing completely misses you.
An orc warrior comes into view. It is wielding a +0 hand axe.
You shoot a bolt.
The bolt closely misses the green ugly thing.
The green ugly thing kicks you.
You shoot a bolt.
The bolt hits the green ugly thing but does no damage.
The green ugly thing is heavily wounded.
You shoot a bolt. The bolt hits the green ugly thing!!
The bolt freezes the green ugly thing.
The green ugly thing is almost dead.
The green ugly thing kicks you.
You die...

..#####.#########)#####.......#
..#####)#####..##..#..#.......#
..##..#....# #.#.#.##.#.......#
#.##....#..# ##..##..##.......#
#.##.####.####.##..#.##......##
......#(.......###.##.......##
..###.####.#####..##..#.#.###
..##..#....# ##0#%###.#.#
..##....#..# #@#..#.#.#.#
..#####.#### #.u###..#...# ..#
#.# ###H ####..## ..# ... B#
#..# ..# .#### $# #..# ..# #.
K#' #..# #.# #


'K' #... .. # #. ' ' You could see a boulder beetle, a green ugly thing, a
manticore, a kobold brigand and a kobold.

Vanquished Creatures
  A cyclops (D:7)
  Prince Ribbit (D:6)
  A hornet (D:7)
  Sigmund (D:2)
  Eustachio (D:6)
  A shadow (D:7)
  A steam dragon (D:7)
  A vampire mosquito (D:7)
  A water moccasin (D:6)
  2 ice beasts
  A black bear (D:7)
  A sky beast (D:6)
  5 ogres
  6 bullfrogs
  3 scorpions (D:6)
  A howler monkey (D:5)
  A jelly (D:5)
  3 orc priests
  A hound (D:7)
  A sleepcap (D:4)
  2 gnoll boudas
  4 iguanas
  3 orc wizards
  20 gnolls
  11 adders
  A white imp (D:5)
  4 ufetubi
  3 dart slugs
  A ribbon worm (D:2)
  12 orcs
  4 ball pythons
  9 endoplasms
  2 giant cockroaches
  12 goblins
  A hobgoblin (D:3)
  12 jackals
  3 quokkas
  4 bats
  4 frilled lizards
  6 kobolds
  6 rats
158 creatures vanquished.

Notes
Turn   | Place    | Note
-------+----------+-------------------------------------------
     0 | D:1      | qw the Spriggan Hunter began the quest for the Orb.
     0 | D:1      | Reached XP level 1. HP: 10/10 MP: 2/2
     0 | D:1      | 0 ||| qw: Version: 0.3-a-155-g5e7d8dd
     0 | D:1      | 0 ||| qw: Game counter: 2264
     0 | D:1      | 0 ||| qw: Melee chars always use a shield: true
     0 | D:1      | 0 ||| qw: God list: Okawaru
     0 | D:1      | 0 ||| qw: Allow faded altars: false
     0 | D:1      | 0 ||| qw: Do Orc after clearing Dungeon:15 true
     0 | D:1      | 0 ||| qw: Do second Lair branch before Depths: true
     0 | D:1      | 0 ||| qw: Lair rune preference: random
     0 | D:1      | 0 ||| qw: Goals: Normal
     0 | D:1      | 0 ||| PLANNING D:1-11
    45 | D:1      | Reached skill level 3 in Dodging
   218 | D:1      | Reached XP level 2. HP: 14/14 MP: 3/3
   341 | D:1      | Reached skill level 4 in Dodging
   593 | D:1      | Found a faded altar of an unknown god.
   771 | D:1      | 771 ||| DROPPING +6 ring of intelligence.
   772 | D:1      | 772 ||| READING 2 scrolls labelled LYMUNE UNOTEMN.
   772 | D:1      | 772 ||| IDENTIFYING fizzy clear potion
   773 | D:1      | 773 ||| DROPPING scroll of butterflies.
   774 | D:1      | 774 ||| DROPPING potion of lignification.
   791 | D:2      | Reached XP level 3. HP: 18/18 MP: 4/4
   814 | D:2      | Noticed Sigmund
   817 | D:2      | 817 ||| FLEEEEING.
   818 | D:2      | 818 ||| FLEEEEING.
   819 | D:2      | 819 ||| FLEEEEING.
   820 | D:2      | 820 ||| FLEEEEING.
   821 | D:2      | 821 ||| FLEEEEING.
   823 | D:2      | 823 ||| FLEEEEING.
   824 | D:2      | 824 ||| FLEEEEING.
   826 | D:2      | 826 ||| FLEEEEING.
   827 | D:2      | 827 ||| FLEEEEING.
   839 | D:2      | Killed Sigmund
   840 | D:2      | Reached skill level 6 in Ranged Weapons
   840 | D:2      | Reached XP level 4. HP: 20/22 MP: 5/5
   840 | D:2      | Reached XP level 5. HP: 23/25 MP: 6/6
  1051 | D:2      | 1051 ||| FLEEEEING.
  1658 | D:2      | 1658 ||| READING scroll of identify.
  1658 | D:2      | 1658 ||| IDENTIFYING ruby potion
  1659 | D:2      | 1659 ||| READING scroll labelled ICZIXA CUSCHY.
  1659 | D:2      | 1659 ||| ENCHANTING +0 shortbow.
  1660 | D:2      | 1660 ||| READING scroll labelled TUTUUQ CE BATAAPH.
  1660 | D:2      | 1660 ||| ENCHANTING +0 shortbow.
  1661 | D:2      | 1661 ||| DRINKING 2 fizzy pink potions.
  1661 | D:2      | Gained mutation: You are agile. (Dex +4, Str/Int -1)
                  | [potion of mutation]
  1661 | D:2      | Gained mutation: You possess an exceptional clarity of
                  | mind. [potion of mutation]
  1706 | D:3      | 1706 ||| STAIRDANCE
  1710 | D:3      | 1710 ||| STAIRDANCE
  1740 | D:3      | 1740 ||| DRINKING 2 green potions.
  1741 | D:3      | 1741 ||| DRINKING fizzy black potion.
  1744 | D:3      | 1744 ||| DROPPING potion of ambrosia.
  1775 | D:3      | Reached skill level 5 in Dodging
  2175 | D:3      | Found a faded altar of an unknown god.
  2175 | D:3      | Found the Hermit's Pendant {Faith Invo=14 Evo=0 MP+5}
  2229 | D:3      | 2229 ||| UPGRADING to Hermit's Pendant {Faith Invo=14 Evo=0
                  | MP+5}.
  2317 | D:3      | 2317 ||| READING 2 scrolls of identify.
  2317 | D:3      | 2317 ||| IDENTIFYING cyan potion
  2318 | D:3      | 2318 ||| READING scroll of identify.
  2318 | D:3      | 2318 ||| IDENTIFYING 2 red potions
  2319 | D:3      | 2319 ||| READING scroll labelled HUTIZXI JANAGH.
  2320 | D:3      | 2320 ||| DROPPING 2 potions of invisibility.
  2331 | D:4      | Found Gahuyq's Weapon Shoppe.
  2336 | D:4      | 2336 ||| STAIRDANCE
  2341 | D:4      | 2341 ||| STAIRDANCE
  2393 | D:4      | 2393 ||| SHOPLISTING +6 shortbow (455 gold, have 222).
  2544 | D:4      | Found the amulet of Vitality {RegenMP++ Regen++}
  2606 | D:4      | Reached XP level 6. HP: 30/30 MP: 17/17
  2740 | D:4      | Reached skill level 6 in Dodging
  2863 | D:4      | Found a hazy altar of Hepliaklqana.
  3040 | D:4      | Reached skill level 7 in Dodging
  3189 | D:4      | Reached XP level 7. HP: 34/35 MP: 18/18
  3314 | D:4      | 3314 ||| UPGRADING to +1 hat.
  3319 | D:4      | 3319 ||| READING scroll labelled BAMIAG MI WEI.
  3320 | D:4      | 3320 ||| READING 3 scrolls labelled IDONUAM AGUHI.
  3321 | D:4      | 3321 ||| READING scroll labelled ONUNWIEDAA.
  3321 | D:4      | 3321 ||| BRANDING +1 shortbow.
  3322 | D:4      | 3322 ||| DROPPING 2 scrolls of fear.
  3334 | D:5      | Entered Level 5 of the Dungeon
  3334 | D:5      | Found a staircase to the Ecumenical Temple.
  3335 | D:5      | 3335 ||| PLANNING TEMPLE
  3336 | D:5      | 3336 ||| STAIRDANCE
  3436 | D:5      | 3436 ||| STAIRDANCE
  3451 | Temple   | Entered the Ecumenical Temple
  3452 | Temple   | 3452 ||| PLANNING OKAWARU WORSHIP
  3459 | Temple   | Became a worshipper of Warmaster Okawaru
  3460 | Temple   | 3460 ||| PLANNING D:1-11
  3552 | D:5      | Found Remaklyo's Lightly-Used Armoury.
  3559 | D:5      | 3559 ||| BUYING -1 hand cannon (1 gold).
  3559 | D:5      | Bought a -1 hand cannon for 1 gold piece
  3559 | D:5      | 3559 ||| SWAPPING to -1 hand cannon.
  3560 | D:5      | 3560 ||| DROPPING +1 shortbow of draining.
  3707 | D:5      | Reached skill level 8 in Dodging
  4067 | D:5      | 4067 ||| READING scroll labelled MIOKUDWACE.
  4162 | D:6      | Reached * piety under Okawaru
  4190 | D:6      | Reached skill level 1 in Invocations
  4191 | D:6      | Noticed Eustachio
  4193 | D:6      | 4193 ||| INVOKING Heroism.
  4200 | D:6      | Reached XP level 8. HP: 27/39 MP: 19/19
  4220 | D:6      | Killed Eustachio
  4221 | D:6      | Reached skill level 9 in Dodging
  4221 | D:6      | Reached skill level 3 in Invocations
  4314 | D:6      | Noticed Prince Ribbit
  4315 | D:6      | 4315 ||| INVOKING Heroism.
  4325 | D:6      | Killed Prince Ribbit
  4325 | D:6      | Reached ** piety under Okawaru
  4326 | D:6      | Reached skill level 3 in Fighting
  4523 | D:6      | 4523 ||| READING scroll of enchant armour.
  4523 | D:6      | 4523 ||| ENCHANTING +1 hat.
  4723 | D:6      | Found Fiudghijanen's Fabulous Fripperies.
  4731 | D:6      | 4731 ||| BUYING wand of flame (2) (19 gold).
  4731 | D:6      | Bought a wand of flame (2) for 19 gold pieces
  4794 | D:6      | Reached XP level 9. HP: 44/44 MP: 20/20
  4804 | D:6      | Reached skill level 9 in Ranged Weapons
  4990 | D:6      | 4990 ||| DRINKING 3 brown potions.
  4991 | D:6      | 4991 ||| DROPPING wand of flame (17).
  5003 | D:7      | Reached *** piety under Okawaru
  5057 | D:7      | Reached skill level 10 in Dodging
  5166 | D:7      | 5166 ||| FLEEEEING.
  5167 | D:7      | 5167 ||| FLEEEEING.
  5168 | D:7      | 5168 ||| FLEEEEING.
  5169 | D:7      | 5169 ||| FLEEEEING.
  5171 | D:7      | 5171 ||| FLEEEEING.
  5175 | D:7      | 5175 ||| FLEEEEING.
  5313 | D:7      | 5313 ||| READING scroll of brand weapon.
  5313 | D:7      | 5313 ||| BRANDING -1 hand cannon.
  5408 | D:7      | 5408 ||| RETREEEEATING.
  5469 | D:7      | Reached **** piety under Okawaru
  5470 | D:7      | Reached skill level 11 in Dodging
  5480 | D:7      | Identified the ring "Pytaph" {rElec MP+9 Str+4}
  5485 | D:7      | Noticed a cyclops
  5485 | D:7      | Noticed a deep elf pyromancer
  5486 | D:7      | 5486 ||| INVOKING Finesse.
  5486 | D:7      | Noticed a boulder beetle
  5487 | D:7      | HP: 3/44 [cyclops/large rock (41)]
  5487 | D:7      | Noticed a deep elf pyromancer
  5489 | D:7      | Killed a cyclops
  5490 | D:7      | Noticed a green ugly thing
  5492 | D:7      | Noticed a manticore
  5505 | D:7      | HP: 2/46 [green ugly thing (5)]
  5507 | D:7      | Slain by a green ugly thing

Levels and vault maps discovered:
D:1:      lightli_arrival_maybe_door_vault, layout_basic, serial_forest,
          infiniplex_forest_lined_2, infiniplex_forest_clump_long,
          infiniplex_forest_diagonal, infiniplex_forest_straight_4,
          infiniplex_forest_zigzag_2, infiniplex_forest_end_3,
          infiniplex_forest_end_1, basic_ecumenical_altar
D:2:      layout_loops_corners, uniq_sigmund
D:3:      layout_basic, nicolae_kite_square_tiling_tiny,
          hellmonk_guarded_unrand_hermit
D:4:      layout_cave_pods, lemuel_coloured_pillars_altar, serial_rivers,
          chequers_serial_rivers_small_a, chequers_serial_rivers_micro_e,
          chequers_serial_rivers_marsh, chequers_serial_rivers_room_b,
          chequers_serial_rivers_small_b, serial_shops, shop,
          minmay_ogre_servants
D:5:      layout_basic, minmay_temple_entry_junction,
          hangedman_decor_diamond_cutter, minmay_shop_damaged,
          chequers_serial_rivers_large_a
D:6:      layout_basic, nicolae_alphabet_shops, nrook_mini_backslash,
          uniq_eustachio, uniq_prince_ribbit1
D:7:      layout_rooms, mainiacjoe_overflow_six_doors_small, amethyst_killhole,
          minmay_the_grid_2x2 [minmay_the_grid_holed_spiral,
          minmay_the_grid_embedded, minmay_the_grid_all_tris,
          minmay_the_grid_prize_four_corners]
Temple:   nicolae_temple_x_marks_the_god

Skill      XL: |  1  2  3  4  5  6  7  8  9 |
---------------+----------------------------+-----
Dodging        | 3 4 5 7 8 9 11 | 11.4
Ranged Weapons | 6 7 8 10 | 10.1
Fighting       | 2 3 4 |  4.3
Invocations    | 1 4 |  4.6
Stealth        | |  1.5

Action                     |  1- 3 |  4- 6 |  7- 9 || total
---------------------------+-------+-------+-------++-------
   Fire: Shortbow          |    52 |   170 |    25 ||   247
         Hand cannon       |       |       |   208 ||   208
 Invoke: Heroism           |       |       |     2 ||     2
         Finesse           |       |       |     1 ||     1
    Use: Scroll            |     1 |     6 |     6 ||    13
         Potion            |       |     3 |     1 ||     4
 Armour: Robe              |     4 |    24 |    28 ||    56
  Dodge: Dodged            |    12 |    88 |   131 ||   231

Table legend:
 A = Non-vault XP
 B = Vault XP
 C = Vault XP percentage of total XP
 D = Non-vault monster count
 E = Vault monster count
 F = Vault count percentage of total count
                 A         B        C        D         E       F
            +---------+---------+-------+---------+---------+-------
      Total |    2816 |    2557 |  47.6 |     134 |      24 |  15.2
            +---------+---------+-------+---------+---------+-------
        D:1 |      28 |       0 |   0.0 |      16 |       0 |   0.0
        D:2 |      52 |     226 |  81.3 |      16 |       1 |   5.9
        D:3 |      62 |       3 |   4.6 |      16 |       1 |   5.9
        D:4 |     347 |     137 |  28.3 |      20 |       9 |  31.0
        D:5 |     354 |       0 |   0.0 |      22 |       0 |   0.0
        D:6 |    1447 |     491 |  25.3 |      30 |       2 |   6.2
        D:7 |     526 |    1700 |  76.4 |      14 |      11 |  44.0
            +---------+---------+-------+---------+---------+-------
